 Dungeon Crawl Stone Soup version 0.31.0-32-g396128a36d (webtiles) character file.

Game seed: 9937600127383439264

56 DildoBatman the Conjurer (level 4, -4/32 HPs)
             Began as a Formicid Conjurer on Apr 25, 2024.
             Killed from afar by Natasha (12 damage)
             ... with a magic dart
             ... on level 3 of the Dungeon.
             The game lasted 00:03:37 (1953 turns).

DildoBatman the Conjurer (Formicid Conjurer)        Turns: 1953, Time: 00:03:37

Health: -4/32      AC:  2    Str: 12    XL:     4   Next: 17%
Magic:  7/7        EV: 12    Int: 19    God:
Gold:   110        SH:  0    Dex: 12    Spells: 5/8 levels left

rFire   . . .        a - +0 spear
rCold   . . .        (no shield)
rNeg    + . .        c - +0 robe
rPois   .            (helmet unavailable)
rElec   .            (no cloak)
rCorr   .            (no gloves)
SInv    +            (no boots)
Will    .....        (no amulet)
Stlth   ++           j - ring of positive energy
HPRegen 0.25/turn    (no ring)
MPRegen 0.10/turn

%: no passive effects
@: no status effects
A: permanent stasis, dig shafts and tunnels, antennae 3, four strong arms
a: Dig, Shaft Self


You were on level 3 of the Dungeon.
You visited 1 branch of the dungeon, and saw 3 of its levels.

You collected 110 gold pieces.

Inventory:

Hand Weapons
 a - a +0 spear (weapon)
 w - a +0 falchion
Missiles
 l - 3 poisoned darts
 m - 8 stones
Armour
 c - a +0 robe (worn)
Jewellery
 j - a ring of positive energy (left hand)
Scrolls
 e - a scroll of torment {unknown}
 h - a scroll of silence {unknown}
 i - a scroll of identify {unknown}
 k - a scroll of fear {unknown}
 n - 2 scrolls of fog {unknown}
 o - a scroll of revelation {unknown}
 q - a scroll of teleportation {unknown}
Potions
 b - a potion of magic
 d - a potion of enlightenment {unknown}
 f - a potion of invisibility {unknown}
 g - 2 potions of curing {unknown}


   Skills:
 + Level 1.3 Fighting
 + Level 1.2 Armour
 + Level 2.1 Dodging
 + Level 3.1 Stealth
 + Level 2.5 Spellcasting
 + Level 3.8 Conjurations


You had 5 spell levels left.
You knew the following spells:

 Your Spells              Type           Power      Damage    Failure   Level
a - Searing Ray           Conj           34%        2d5       4%          2
c - Magic Dart            Conj           68%        1d6       3%          1

Your spell library contained the following spells:

 Spells                   Type           Power      Damage    Failure   Level
 Fulminant Prism          Conj/Alch      4%         3d5       56%         4
 Iskenderun's Mystic Bla  Conj/Tloc      9%         2d4       56%         4


Dungeon Overview and Level Annotations

Branches:
Dungeon (3/15)

Altars:
Okawaru

Annotations:
D:2 exclusion: 5 sensed monsters (detected), Terence
D:3 Grinder, Natasha


Innate Abilities, Weirdness & Mutations

You cannot be hasted, slowed, berserked, paralysed or teleported.
You can dig through walls and to a lower floor.
You have a pair of large antennae on your head. (SInv)
Your four strong arms can wield two-handed weapons with a shield.


Message History

Found a stone staircase leading down.
Found a stone staircase leading down.
There is a stone staircase leading down here.
As you open the door, it creaks loudly!
Natasha, Servant of Life and Death comes into view.
Natasha hisses angrily.
Press: ? - help, v - describe, . - travel The floor.
Natasha attacks as she pursues you! Natasha claws you!
Natasha attacks as she pursues you! Natasha completely misses you.
Natasha stares at you and mumbles some strange words.
Your stasis prevents you from being slowed.
Natasha attacks as she pursues you! Natasha barely misses you.
Natasha hisses.
Natasha extends her claws.
Natasha attacks as she pursues you! Natasha misses you.
Natasha wildly gestures.
Natasha glows brightly for a moment.
Natasha claws you but does no damage.
Natasha mewls in sadness.
Natasha attacks as she pursues you! Natasha claws you.
Natasha attacks as she pursues you! Natasha completely misses you.
Natasha stares at you and mumbles some strange words.
The magic dart hits you!
Natasha growls.
Natasha casts a spell at you. The magic dart hits you!
There is an open door here.
Natasha casts a spell at you. The magic dart hits you.
Natasha casts a spell at you. The magic dart hits you!
You die...
Natasha curls up and begins to purr.

#.##.#.......##.## #
#........######.# ########
####.##### #.# #....... ##....##
##+## #.###### #####......##
##...## #.# #
#.......#...####.....###.# ####
#.##..[###..[.........##.###...
###.#.................†..#.##...#
.......#...).#..@........'.......
###.#.##.._..##..........####...#
#....#.).).#..#.......## ##.##
###...........#.h....## #.#
##...###......#...## #.#
##...#.....####'## #.#
#......#### #.# #.# #.###### #.#
.. .... ###.###


You could see Natasha.

Vanquished Creatures
  An adder (D:2)
  A dart slug (D:2)
  5 bats
  3 endoplasms
  4 giant cockroaches
  4 goblins
  4 hobgoblins
  3 quokkas
  5 ball pythons
  6 frilled lizards
  2 kobolds
  2 rats
40 creatures vanquished.

Notes
Turn   | Place    | Note
-------+----------+-------------------------------------------
     0 | D:1      | DildoBatman the Formicid Conjurer began the quest for the
                  | Orb.
     0 | D:1      | Reached XP level 1. HP: 13/13 MP: 3/3
   191 | D:1      | Reached XP level 2. HP: 19/19 MP: 0/5
   194 | D:1      | Learned a level 2 spell: Searing Ray
   669 | D:2      | Noticed Terence
   729 | D:2      | Reached XP level 3. HP: 25/25 MP: 4/6
   759 | D:2      | Reached skill level 1 in Fighting
  1156 | D:2      | Reached skill level 1 in Armour
  1309 | D:2      | Reached XP level 4. HP: 25/32 MP: 0/7
  1630 | D:3      | Noticed Grinder
  1791 | D:3      | Found an iron altar of Okawaru.
  1925 | D:3      | Noticed Natasha
  1953 | D:3      | Killed from afar by Natasha

Illustrated notes

Levels and vault maps discovered:
D:1:      eino_arrival_water_cross, layout_rooms, st_stairs_6, nrook_campfire
D:2:      layout_basic, minmay_between, uniq_terence, uniq_robin
D:3:      layout_loops_corners, okawaru_ov_weapons_minmay, uniq_sigmund,
          uniq_grinder, uniq_natasha

Skill      XL: |  1  2  3 |
---------------+----------+-----
Dodging        | 2 |  2.1
Fighting       | 1 |  1.3
Stealth        | 3 |  3.1
Armour         | 1 |  1.2
Spellcasting   | |  2.5
Conjurations   | |  3.8

Action                     |  1- 3 |  4- 6 || total
---------------------------+-------+-------++-------
  Melee: Spear             |    23 |       ||    23
   Cast: Magic Dart        |    54 |    10 ||    64
         Searing Ray       |     2 |       ||     2
   Stab: Sleeping          |     2 |       ||     2
 Armour: Robe              |     5 |     7 ||    12
  Dodge: Dodged            |    16 |     5 ||    21
